 Dungeon Crawl Stone Soup version 0.19.0-24-gb05acd6 (webtiles) character file.

7 GordonOverkill the Grave Robber (level 1, 0/17 HPs)
             Began as a Minotaur Necromancer on Nov 22, 2016.
             Slain by a hobgoblin
             ... wielding a +0 club
              (1 damage)
             ... on level 1 of the Dungeon.
             The game lasted 00:01:39 (309 turns).

GordonOverkill the Grave Robber (MiNe)               Turns: 309, Time: 00:01:40

Health: 0/17       AC:  2    Str: 12    XL:     1   Next: 83%
Magic:  0/1        EV: 12    Int: 12    God:
Gold:   8          SH:  0    Dex: 10    Spells: 1 memorised, 1 level left

rFire  . . .     SeeInvis .     (no weapon)
rCold  . . .     Gourm    .     a - +0 robe
rNeg   . . .     Faith    .     (no shield)
rPois  .         Spirit   .     (helmet restricted)
rElec  .         Reflect  .     (no cloak)
rCorr  .         Harm     .     (no gloves)
MR     .....                    (no boots)
Stlth  ++........               (no amulet)
                                (no ring)
                                (no ring)

@: no status effects
A: retaliatory headbutt, horns 2
a: no special abilities


You were on level 1 of the Dungeon.
You were not hungry.

You visited 1 branch of the dungeon, and saw 1 of its levels.

You collected 8 gold pieces.

Inventory:

Armour
 a - a +0 robe (worn)
Scrolls
 e - a scroll of enchant armour {unknown}
 g - a scroll of identify {unknown}
Books
 b - a book of Necromancy

   Spells                             Type                      Level
   a - Pain                           Necromancy                   1
   b - Animate Skeleton               Necromancy                   1
   c - Vampiric Draining              Necromancy                   3
   d - Regeneration                   Charms/Necromancy            3
   e - Animate Dead                   Necromancy                   4
   f - Control Undead                 Necromancy                   4
Comestibles
 c - a bread ration
 d - a meat ration


   Skills:
 + Level 1.9 Fighting
 - Level 2.1 Dodging
 - Level 1.5 Stealth
 - Level 1.3 Spellcasting
 - Level 2.9 Necromancy


You had one spell level left.
You knew the following spells:

 Your Spells              Type           Power        Failure   Level  Hunger
a - Pain                  Necr           #...         12%         1    ##.....


Dungeon Overview and Level Annotations

Branches:
Dungeon (1/15)

Altars:


Innate Abilities, Weirdness & Mutations

You reflexively headbutt those who attack you in melee.
You have a pair of horns on your head.


Message History

Unknown command.
Casting: Pain
Confirm with . or Enter, or press ? or * to list all spells.
Aiming: Pain
Press: ? - help, Shift-Dir - straight line, f/p - hobgoblin
Aim: a hobgoblin, wielding a club (chance to defeat MR: 71%)
The hobgoblin writhes in agony!
The hobgoblin hits you with a club.
* * * LOW HITPOINT WARNING * * *
You closely miss the hobgoblin.
You headbutt the hobgoblin, but do no damage.
The hobgoblin is almost dead.
The hobgoblin hits you but does no damage.
You barely miss the hobgoblin.
The hobgoblin is almost dead.
The hobgoblin barely misses you.
You hit the hobgoblin but do no damage.
The hobgoblin is almost dead.
The hobgoblin hits you with a club.
You die...

#.#...(.....#....#....
#...........####.#....
###.........# #.#....
###....#### #....#.
#....# ##..... #....#
###†#.
#K#.###########..>
#g#...........(...
#@##...###########
#.#.###.####### #
####..#####.##...# ##
#................###.
#.##..#####.##.....'.
#.##....##.####.####.
#.#####.(.## #.# ###
#.# #.### ### #O# #.#
#.# #####


You could see a hobgoblin and a kobold.

Vanquished Creatures
  A leopard gecko (D:1)
  A giant cockroach (D:1)
  A hobgoblin (D:1)
  A kobold (D:1)
  A frilled lizard (D:1)
5 creatures vanquished.

Notes
Turn   | Place    | Note
-------+----------+-------------------------------------------
     0 | D:1      | GordonOverkill the Minotaur Necromancer began the quest for the Orb.
     0 | D:1      | Reached XP level 1. HP: 14/14 MP: 1/1
     0 | D:1      | Noticed a centaur
     0 | D:1      | Noticed a formicid
     2 | D:1      | Noticed a centaur
     4 | D:1      | Noticed a felid
     5 | D:1      | Noticed a vampire
     6 | D:1      | Noticed a draconian
     7 | D:1      | Noticed a draconian
     8 | D:1      | Noticed a minotaur
    10 | D:1      | Noticed an ogre
    14 | D:1      | Noticed an ogre
    14 | D:1      | Noticed an ogre
    14 | D:1      | Noticed a vine stalker
    16 | D:1      | Noticed a gargoyle
    20 | D:1      | Noticed a vine stalker
   123 | D:1      | Reached skill level 1 in Fighting
   309 | D:1      | Slain by a hobgoblin

Skill      XL: |  1 |
---------------+----+-----
Fighting       | 1 |  1.9
Dodging        | |  2.1
Stealth        | |  1.5
Spellcasting   | |  1.3
Necromancy     | |  2.9

Action                   || total
-------------------------++-------
Melee: Unarmed           ||    22
       Headbutt          ||     6
 Cast: Pain              ||     7
Armor: Robe              ||     4
Dodge: Dodged            ||    21
